 Dungeon Crawl Stone Soup version 0.31-a0-210-gccc998df9b (webtiles) character file.

Game seed: 16499501010558184899

165 Anon1729 the Cutter (level 5, -1/40 HPs)
             Began as a Demonspawn Gladiator on June 29, 2023.
             Slain by an ogre
             ... wielding a +0 giant club
              (15 damage)
             ... on level 4 of the Dungeon.
             The game lasted 00:00:57 (2285 turns).

Anon1729 the Cutter (Demonspawn Gladiator)          Turns: 2285, Time: 00:00:57

Health: -1/40      AC:  7    Str: 15    XL:     5   Next: 22%
Magic:  6/6        EV: 13    Int:  9    God:
Gold:   151        SH:  4    Dex: 16    Spells: 4/4 levels left

rFire   . . .        a - +0 rapier
rCold   . . .        (no shield)
rNeg    . . .        b - +0 leather armour
rPois   .            l - +2 helmet
rElec   .            (no cloak)
rCorr   .            (no gloves)
SInv    .            m - +0 pair of boots
Will    .....        (no amulet)
Stlth   +            (no ring)
HPRegen 0.26/turn    (no ring)
MPRegen 0.20/turn

%: no passive effects
@: no status effects
A: magic regeneration, condensation shield, weakness stinger 1
a: no special abilities


You were on level 4 of the Dungeon.
You visited 1 branch of the dungeon, and saw 4 of its levels.

You collected 151 gold pieces.

Inventory:

Hand Weapons
 a - a +0 rapier (weapon)
Missiles
 d - 3 throwing nets (quivered)
 e - a javelin
Armour
 b - a +0 leather armour (worn)
 c - a +0 helmet
 l - a +2 helmet (worn)
 m - a +0 pair of boots (worn)
Jewellery
 k - a ring of poison resistance
 o - an amulet of regeneration
Scrolls
 g - a scroll of fear {unknown}
 h - 3 scrolls of identify {unknown}
 i - 2 scrolls of teleportation {unknown}
 n - a scroll of poison {unknown}
 q - a scroll of fog {unknown}
 t - 2 scrolls of enchant armour {unknown}
 u - a scroll of enchant weapon {unknown}
 v - a scroll of noise {unknown}
Potions
 f - 3 potions of curing {unknown}
 j - a potion of degeneration {unknown}
 p - a potion of resistance {unknown}
 r - a potion of heal wounds {unknown}
 s - 2 potions of might {unknown}


   Skills:
 + Level 2.9 Fighting
 + Level 3.3 Short Blades
 + Level 2.5 Throwing
 + Level 1.4 Armour
 + Level 3.2 Dodging
 + Level 2.4 Invocations


You had 4 spell levels left.
You didn't know any spells.
Your spell library contained the following spells:

 Spells                   Type           Power      Damage    Failure   Level
 Static Discharge         Conj/Air       0%         2-2/arc   58%         2
 Airstrike                Air            0%         2d(0-16)  99%         4
 Summon Lightning Spire   Summ/Air       0%         N/A       99%         4


Dungeon Overview and Level Annotations

Branches:
Dungeon (4/15)
 Temple: D:4-7

Altars:
Fedhas


Innate Abilities, Weirdness & Mutations

You regenerate magic rapidly.
A meltable shield of frost defends you. (SH +4)
You have a small tail.


Message History

You open the door. You open the door.
Key pressed, stopping explore.
As you open the door, it creaks loudly!
There is an open door here.
You now have 151 gold pieces (gained 6).
There is an open door here.
Key pressed, stopping explore.
An ogre comes into view. It is wielding a +0 giant club.
The ogre shouts!
The ogre hits you with a +0 giant club!
You hit the ogre. You tail-slap the ogre.
The ogre is moderately wounded.
The ogre barely misses you.
You hit the ogre.
The ogre is heavily wounded.
You hit the ogre. You tail-slap the ogre.
The ogre is almost dead.
The ogre hits you with a +0 giant club!
You are too injured to fight recklessly!
You are too injured to fight recklessly!
You are too injured to fight recklessly!
You are too injured to fight recklessly!
You are too injured to fight recklessly!
You are too injured to fight recklessly!
You are too injured to fight recklessly!
You are too injured to fight recklessly!
You are too injured to fight recklessly!
You are too injured to fight recklessly!
You are too injured to fight recklessly!
You are too injured to fight recklessly!
You are too injured to fight recklessly!
You are too injured to fight recklessly!
You are too injured to fight recklessly!
You are too injured to fight recklessly!
You are too injured to fight recklessly!
You hit the ogre.
The ogre is almost dead.
The ogre hits you with a +0 giant club!
You die...

#######
#.....#
#.....#
#.....#
#.....#
#.....#
#..O..#
#..@..#
#.....#
#.....#
#.....#
#.....#
#.....#
.+
#.....#
.#
#.....#
.#
#.....#


You could see an ogre.

Vanquished Creatures
  A hound (D:3)
  A gnoll (D:3)
  4 adders
  A shadow imp (D:4)
  A white imp (D:4)
  An ufetubus (D:4)
  A worm (D:3)
  3 dart slugs
  2 orcs
  An endoplasm (D:1)
  3 giant cockroaches
  4 goblins
  7 hobgoblins
  4 jackals (D:1)
  3 quokkas
  6 ball pythons
  5 bats
  5 frilled lizards
  6 kobolds
  4 rats
63 creatures vanquished.

Notes
Turn   | Place    | Note
-------+----------+-------------------------------------------
     0 | D:1      | Anon1729 the Demonspawn Gladiator began the quest for the
                  | Orb.
     0 | D:1      | Reached XP level 1. HP: 16/16 MP: 1/1
     3 | D:1      | Noticed an electric eel
     5 | D:1      | Noticed an electric eel
   362 | D:1      | Gained mutation: You regenerate magic rapidly. [demonic
                  | ancestry]
   362 | D:1      | Reached XP level 2. HP: 20/22 MP: 2/2
   381 | D:1      | Found a faded altar of an unknown god.
   447 | D:1      | Reached skill level 1 in Invocations
   773 | D:2      | Gained mutation: A meltable shield of frost defends you.
                  | (SH +4) [demonic ancestry]
   773 | D:2      | Reached XP level 3. HP: 27/27 MP: 3/3
  1080 | D:2      | Reached skill level 1 in Armour
  1124 | D:2      | Gained mutation: You have a small tail. [demonic ancestry]
  1124 | D:2      | Reached XP level 4. HP: 32/34 MP: 5/5
  1370 | D:3      | Found a blossoming altar of Fedhas.
  1918 | D:3      | Reached XP level 5. HP: 39/39 MP: 6/6
  2278 | D:4      | Noticed an ogre
  2285 | D:4      | Slain by an ogre

Illustrated notes

Levels and vault maps discovered:
D:1:      arrival_aquarium_b, layout_rooms,
          hellmonk_ecumenical_altar_defaced_shrine, reono_crystal_passage
D:2:      layout_rooms
D:3:      kennysheep_big_flooded_room, layout_basic, mainiacjoe_overflow_paths,
          solitary_fountain, minmay_quantized
D:4:      layout_gridville, slow_altar_2, mainiacjoe_overflow_catwalk,
          nicolae_sif_muna_little_library, minmay_temple_entry_junction_2,
          serial_demonic, serial_demonic_b, serial_demonic_f, serial_demonic_g,
          serial_demonic_f, hangedman_abyss_or_decor_passed,
          nicolae_elevator_lobby_plus

Skill      XL: |  1  2  3  4 |
---------------+-------------+-----
Throwing       | 2 |  2.5
Invocations    | 1 2 |  2.4
Short Blades   | 3 |  3.3
Dodging        | 3 |  3.2
Armour         | 1 |  1.4
Fighting       | |  2.9

Action                     |  1- 3 |  4- 6 || total
---------------------------+-------+-------++-------
  Melee: Rapier            |   158 |    87 ||   245
         Punch             |     1 |     1 ||     2
         Tailslap          |       |    14 ||    14
   Stab: Sleeping          |       |     1 ||     1
 Armour: Leather armour    |    70 |    28 ||    98
  Dodge: Dodged            |   111 |    56 ||   167
  Block: Other             |     7 |    14 ||    21

Table legend: (Time is in decaauts)
 A = Elapsed time spent in this place.
 B = Non-inter-level travel time spent in this place.
 C = Inter-level travel time spent in this place.
 D = Time resting spent in this place.
 E = Time spent auto-exploring this place.
 F = Levels seen in this place.
 G = Mean time per level.
                   A        B        C        D        E       F      G
               +--------+--------+--------+--------+--------+-----+--------+
         Total |   2296 |   2161 |    135 |      0 |   1694 |   4 |  574.0 |
       Dungeon |   2296 |   2161 |    135 |      0 |   1694 |   4 |  574.0 |
               +--------+--------+--------+--------+--------+-----+--------+

Top non-repeatable levels by time:
     D:3: 1013 daAuts
     D:1: 767 daAuts
     D:2: 425 daAuts
     D:4: 89 daAuts
